 Dungeon Crawl Stone Soup version 0.27.1-3-gb3d3a73c9e (webtiles) character file.

Game seed: 222898284727467318

79 Asher535 the Chopper (level 4, 0/41 HPs)
             Began as a Hill Orc Monk on Oct 27, 2021.
             Slain by a gnoll (1 damage)
             ... on level 3 of the Dungeon.
             The game lasted 00:09:18 (2391 turns).

Asher535 the Chopper (Hill Orc Monk)                Turns: 2391, Time: 00:09:19

Health: 0/41       AC:  3    Str: 13    XL:     4   Next: 37%
Magic:  4/4        EV: 12    Int: 10    God:
Gold:   82         SH:  0    Dex: 14    Spells: 3/3 levels left

rFire    . . .     SeeInvis .   a - +0 hand axe
rCold    . . .     Faith    .   (no shield)
rNeg     . . .     Spirit   .   d - +0 leather armour
rPois    .         Reflect  .   (no helmet)
rElec    .         Harm     .   (no cloak)
rCorr    .         Rampage  .   (no gloves)
Will     .....                  (no boots)
Stlth    ++........             (no amulet)
HPRegen  0.13/turn              (no ring)
MPRegen  0.09/turn              (no ring)

@: brilliant
A: no striking features
a: no special abilities


You were on level 3 of the Dungeon.
You visited 1 branch of the dungeon, and saw 3 of its levels.

You collected 82 gold pieces.

Inventory:

Hand Weapons
 a - a +0 hand axe (weapon)
Missiles
 h - 51 stones (quivered)
 j - 44 arrows
Armour
 b - a +0 robe
 d - a +0 leather armour (worn)
Magical Staves
 i - a staff of air
Scrolls
 g - a scroll of enchant armour {unknown}
 l - a scroll of noise
 m - a scroll of identify {unknown}
Potions
 c - a potion of brilliance
 e - a potion of curing {unknown}
 f - a potion of heal wounds {unknown}
 k - a potion of might {unknown}
 n - a potion of lignification {unknown}


   Skills:
 + Level 4.4 Fighting
 * Level 5.5 Axes
 + Level 0.7 Armour
 + Level 2.7 Dodging
 - Level 1.5 Stealth


You had 3 spell levels left.
You didn't know any spells.
Your spell library was empty.

Dungeon Overview and Level Annotations

Branches:
Dungeon (3/15)

Altars:


Message History

There is a stone staircase leading up here.
You climb upwards.
There is a stone staircase leading down here.
You start resting.
A worm is nearby!
There is a stone staircase leading down here.
You climb downwards.
There is a stone staircase leading up here.
The gnoll misses you.
Things that are here:
a +0 dagger; a rat skeleton; a jackal skeleton The gnoll hits you from afar with a +0 spear.
The gnoll closely misses you.
You hit the gnoll but do no damage. The gnoll hits you with a +0 spear.
You hit the gnoll but do no damage. The gnoll closely misses you.
You closely miss the gnoll. You hit the gnoll. The gnoll misses you.
The gnoll barely misses you.
You hit the gnoll but do no damage. You hit the gnoll.
The gnoll hits you with a +0 spear. The gnoll barely misses you.
You hit the gnoll.
The gnoll is moderately wounded.
You barely miss the gnoll. The gnoll hits you with a +0 spear!
The gnoll hits you with a +0 club. The gnoll hits you with a +0 spear.
* * * LOW HITPOINT WARNING * * *
You hit the gnoll.
The gnoll is severely wounded.
You barely miss the gnoll. The gnoll hits you but does no damage.
The gnoll closely misses you.
You hit the gnoll.
The gnoll is almost dead.
You hit the gnoll. The gnoll hits you with a +0 club.
* * * LOW HITPOINT WARNING * * *
The gnoll hits you with a +0 spear.
* * * LOW HITPOINT WARNING * * *
It was a potion of brilliance.
You feel clever all of a sudden. The gnoll hits you with a +0 club.
* * * LOW HITPOINT WARNING * * *
The gnoll hits you with a +0 spear.
You die...

###.......................#
..........................#
##......#............(...###
.......#$.......!........##.
..............>.............
...........<....##..........
.....#.#....##..##..........
B........<.g##..##..........
.[.....#..#@##..##..........
..........#.g...............
.......#.####...#...........
........# ##..##......$...
...## #...##......##. ..
#######.....#....###
.<..........#..#...#
....####.#..#g.....#
.....###....#......#


You could see 2 gnolls.

Vanquished Creatures
  2 gnolls (D:3)
  2 dart slugs
  4 ball pythons
  4 bats
  7 endoplasms
  A giant cockroach (D:3)
  4 goblins
  5 hobgoblins
  3 jackals (D:3)
  7 kobolds
  3 quokkas (D:2)
  3 frilled lizards
  4 rats
49 creatures vanquished.

Notes
Turn   | Place    | Note
-------+----------+-------------------------------------------
     0 | D:1      | Asher535 the Hill Orc Monk began the quest for the Orb.
     0 | D:1      | Reached XP level 1. HP: 19/19 MP: 1/1
    20 | D:1      | Found a faded altar of an unknown god.
   121 | D:1      | Reached XP level 2. HP: 27/27 MP: 2/2
  1318 | D:2      | Reached XP level 3. HP: 25/33 MP: 3/3
  1517 | D:2      | Reached skill level 5 in Axes
  2015 | D:3      | Reached XP level 4. HP: 26/41 MP: 4/4
  2391 | D:3      | HP: 1/41 [gnoll (4)]
  2391 | D:3      | Slain by a gnoll

Illustrated notes

Levels and vault maps discovered:
D:1:      saegor_arrival_simple_b, layout_basic,
          hellmonk_ecumenical_altar_arch_garden
D:2:      layout_basic
D:3:      layout_rooms, grunt_temple_overflow_open,
          gammafunk_temple_overflow_statue

Skill      XL: |  1  2  3 |
---------------+----------+-----
Fighting       | 4 |  4.4
Axes           | 5 |  5.5
Armour         | |  0.7
Dodging        | |  2.7
Stealth        | |  1.5

Action                   |  1- 3 |  4- 6 || total
-------------------------+-------+-------++-------
Melee: Hand axe          |   130 |    18 ||   148
  Use: Scroll            |     1 |       ||     1
       Potion            |       |     1 ||     1
 Stab: Sleeping          |     5 |       ||     5
Armor: Leather armour    |    38 |     3 ||    41
Dodge: Dodged            |    85 |    18 ||   103
